Map: Vaani Research Station (Void)

Players

Iceman - Winner!

  • Race: Zerg Zerg
  • League: Diamond
  • Spawn Location: 6:00

Emil

  • Race: Terran Terran
  • League: Diamond
  • Spawn Location: 12:00

VOD

Have the link to the VOD?

Description

Time

  • Played on: Nov. 24, 2016, 3:26 p.m.
  • Length: 12:00
Show
View Real Time Build Order
Export as new Build Order

Iceman Zerg - Winner!

Build Orders: Hatch First 

Get SALT Encoding   

  12  0:01  Drone  
  13  0:15  Overlord  
  13  0:24  Drone  
  14  0:35  Drone x2  
  16  0:40  Drone  
  17  0:58  Hatchery  
  17  1:01  Drone x2  
  18  1:15  Extractor  
  17  1:18  Spawning Pool  
  17  1:21  Drone  
  17  1:24  Drone  
  18  1:30  Drone  
  19  1:41  Overlord  
  19  2:05  Zergling x4  
  19  2:07  Queen  
  23  2:10  Queen  
  23  2:11  Drone  
  23  2:14  Drone  
  27  2:16  Metabolic Boost  
  27  2:21  Drone  
  28  2:24  Drone  
  29  2:31  Drone  
  29  2:36  Drone  
  31  2:42  Drone  
  32  2:58  Drone x2  
  32  2:59  Drone  
  32  3:01  Hatchery  
  32  3:03  Queen  
  32  3:05  Overlord  
  36  3:25  Drone  
  36  3:26  Drone x6  
  36  3:27  Drone  
  44  3:36  Overlord  
  44  3:52  Baneling Nest, Drone  
  44  3:53  Overlord  
  44  3:54  Overlord  
  44  3:57  Lair  
  44  4:00  Extractor  
  45  4:02  Drone x2  
  45  4:03  Drone x4  
  45  4:04  Spine Crawler  
  45  4:08  Extractor  
  47  4:11  Extractor  
  47  4:16  Zergling x2  
  47  4:17  Zergling x4  
  49  4:21  Zergling x4  
  49  4:22  Zergling x6  
  54  4:27  Spine Crawler  
  54  4:30  Drone  
  54  4:39  Baneling x4  
  54  4:40  Zergling x2  
  54  4:41  Zergling x10  
  54  4:45  Zergling x2  
  61  4:47  Drone  
  57  5:05  Drone x9  
  62  5:11  Drone x2  
  62  5:12  Drone  
  65  5:18  Drone x3  
  68  5:23  Drone x2  
  70  5:30  Spore Crawler  
  70  5:31  Drone x2  
  71  5:36  Drone x2  
  71  5:49  Drone x2  
  73  5:50  Overlord  
  73  5:51  Overlord  
  73  5:53  Extractor x2  
  73  5:55  Overlord  
  71  6:02  Hydralisk Den  
  71  6:03  Hatchery, Drone x4  
  73  6:06  Overlord x2  
  73  6:07  Infestation Pit  
  73  6:11  Overseer  
  72  6:14  Overlord x2  
  72  6:16  Drone  
  72  6:17  Drone x2  
  72  6:18  Drone x4  
  79  6:19  Drone  
  80  6:28  Baneling  
  80  6:29  Baneling  
  80  6:35  Baneling x4  
  80  6:36  Baneling x3  
  80  6:37  Zergling x6  
  80  6:38  Zergling x6  
  86  6:44  Grooved Spines  
  82  7:12  Zergling x2  
  82  7:13  Zergling x26  
  82  7:14  Centrifical Hooks  
  96  7:19  Hive  
  96  7:22  Drone x2  
  98  7:28  Drone x3  
  101  7:34  Spine Crawler x2  
  101  7:35  Spore Crawler  
  90  7:40  Drone x4  
  83  7:46  Drone x3  
  83  7:47  Drone x3  
  87  7:54  Drone  
  87  7:57  Drone x3  
  87  7:59  Drone  
  87  8:05  Muscular Augments  
  88  8:12  Drone x4  
  92  8:14  Queen x2  
  92  8:15  Queen  
  92  8:17  Drone  
  92  8:18  Drone x2  
  101  8:25  Extractor  
  101  8:26  Drone x4, Extractor  
  103  8:29  Zergling x2  
  103  8:30  Zergling x2  
  103  8:31  Zergling x2  
  106  8:37  Hydralisk x2  
  106  8:38  Hydralisk x3  
  106  8:39  Hydralisk  
  106  8:40  Hydralisk  
  106  8:41  Hydralisk x2  
  120  8:42  Hydralisk  
  126  8:51  Overlord x2  
  126  8:52  Overlord x4  
  126  9:00  Evolution Chamber, Viper  
  126  9:01  Spore Crawler, Evolution Chamber  
  126  9:05  Spore Crawler  
  125  9:10  Spore Crawler  
  125  9:12  Spine Crawler  
  125  9:16  Viper x3  
  126  9:17  Viper x3  
  126  9:18  Hydralisk x5  
  126  9:22  Hydralisk x2  
  126  9:23  Hydralisk  
  157  9:33  Drone  
  157  9:34  Drone x2  
  160  9:39  Spine Crawler  
  160  9:42  Hydralisk x4, Spine Crawler x2  
  160  9:43  Hydralisk  
  160  9:44  Overlord  
  167  9:57  Hydralisk x4  
  167  9:58  Overlord x2  
  167  9:59  Overlord  
  175  10:05  Hydralisk x4  
  175  10:20  Drone x6  
  175  10:21  Drone x3  
  177  10:26  Drone x4  
  179  10:29  Drone  
  179  10:30  Drone  
  181  10:38  Overseer  
  181  10:45  Hydralisk x5  
  191  10:50  Drone  
  191  10:51  Drone  
  193  11:01  Hydralisk x3  
  199  11:06  Drone  
  199  11:07  Overlord x2  
  200  11:16  Overlord x2  
Show
View Real Time Build Order
Export as new Build Order

Emil Terran 

Build Orders:  

Get SALT Encoding   

  12  0:04  SCV  
  13  0:16  Supply Depot  
  13  0:18  SCV  
  14  0:27  Refinery  
  14  0:30  SCV  
  15  0:43  Barracks  
  15  0:47  SCV  
  16  1:12  SCV  
  18  1:32  Marine  
  18  1:33  Supply Depot  
  18  1:34  Orbital Command  
  18  1:39  Factory  
  18  2:00  Barracks Reactor  
  18  2:02  SCV  
  19  2:20  Command Center  
  19  2:39  SCV  
  19  2:41  Refinery  
  19  2:43  Hellion x2  
  24  2:52  SCV  
  25  3:01  Barracks Tech Lab  
  25  3:02  Supply Depot  
  25  3:04  Hellion  
  25  3:05  Hellion  
  29  3:26  SCV  
  30  3:33  Factory  
  29  3:35  Orbital Command  
  28  3:49  Infernal Pre-Igniter  
  28  3:52  Hellion  
  30  4:06  SCV  
  30  4:07  SCV  
  32  4:13  Hellion  
  34  4:21  Marine  
  35  4:27  Cyclone  
  35  4:29  Hellion  
  40  4:32  SCV x2  
  40  4:34  Siege Tank  
  45  4:39  Marine  
  45  4:44  SCV x2  
  48  4:56  SCV  
  39  5:07  Hellion  
  39  5:08  Hellion x2  
  45  5:18  Starport, SCV x2  
  47  5:25  Engineering Bay  
  47  5:29  Hellion x3  
  47  5:30  SCV  
  54  5:37  Supply Depot  
  54  5:56  Missile Turret  
  54  5:59  Siege Tank, SCV x2  
  54  6:02  Missile Turret x2  
  59  6:05  Supply Depot  
  59  6:07  Medivac  
  61  6:11  SCV  
  62  6:24  Supply Depot  
  62  6:27  Hellion, SCV x2  
  62  6:31  Hellion  
  68  6:39  SCV x2  
  70  6:46  Siege Tank  
  73  6:49  Hellion  
  73  6:51  SCV x2  
  77  7:03  SCV  
  78  7:35  Hellion  
  78  7:36  SCV x2  
  78  7:43  Hellion  
  78  7:45  Supply Depot  
  78  7:46  Supply Depot  
  78  7:47  Supply Depot  
  78  7:52  SCV x2  
  78  7:57  Hellion  
  78  7:58  Siege Tank  
  77  8:02  Factory  
  77  8:04  Refinery, SCV  
  78  8:05  Command Center  
  78  8:06  SCV  
  78  8:07  Refinery  
  78  8:08  Starport Reactor  
  77  8:19  Armory x2  
  77  8:30  Siege Tank  
  80  8:47  Factory Tech Lab  
  80  9:02  Siege Tank  
  83  9:05  SCV x2  
  83  9:08  Terran Vehicle Weapons Level 1  
  83  9:09  Terran Vehicle And Ship Armor Level 1  
  85  9:14  Viking  
  87  9:17  SCV  
  88  9:34  Siege Tank  
  88  9:36  Hellion x2  
  95  9:52  Starport  
  95  9:54  Supply Depot x3  
  95  9:55  Siege Tank  
  95  9:57  Hellion x2, Supply Depot  
  102  10:06  Siege Tank  
  97  10:26  Widow Mine x2  
  97  10:27  Siege Tank  
  100  10:32  Viking x3  
  106  10:41  Orbital Command  
  106  10:43  Refinery x2  
  106  10:45  Barracks Reactor  
  106  10:50  Factory  
  106  10:54  Widow Mine, Supply Depot  
  106  10:55  Widow Mine  
  110  10:58  Supply Depot  
  110  10:59  Supply Depot  
  110  11:02  Viking x2  
  114  11:07  SCV x2  
  114  11:08  Command Center  
  116  11:18  Command Center  
  116  11:19  SCV x2  
  116  11:22  Missile Turret  
  116  11:23  Widow Mine  
  116  11:24  Missile Turret  
  116  11:25  Missile Turret  
  120  11:29  Widow Mine  
  120  11:30  Missile Turret  
  120  11:31  SCV  
  120  11:32  Missile Turret  
Tags
 
Add a new tag
Caveats
  • Supply blocks, unpowered buildings, or Contaminate may cause inaccurate times.
  • Supply counts are checked every 10 seconds.